 Dungeon Crawl Stone Soup version 0.21.1-1-g345015f (webtiles) character file.

130 inc the Shield-Bearer (level 5, -6/36 HPs)
             Began as an Octopode Fighter on June 13, 2018.
             Killed by divine providence
             ... invoked by an orc priest
              (17 damage)
             ... on level 3 of the Dungeon.
             The game lasted 00:02:42 (1844 turns).

inc the Shield-Bearer (Octopode Fighter)            Turns: 1844, Time: 00:02:43

Health: -6/36      AC:  1    Str: 21    XL:     5   Next: 14%
Magic:  5/5        EV: 12    Int: 10    God:
Gold:   79         SH: 10    Dex: 14    Spells: 4/4 levels left

rFire    + . .     SeeInvis .     - Unarmed
rCold    . . .     Gourm    .   a - +0 shield
rNeg     . . .     Faith    .   (helmet restricted)
rPois    .         Spirit   .   (no amulet)
rElec    .         Reflect  .   d - ring of protection from fire
rCorr    .         Harm     .   i - +2 ring of dexterity
MR       .....                  (no ring)
Stlth    ++........             (no ring)
HPRegen  0.12/turn              (no ring)
MPRegen  0.09/turn              (no ring)
                                (no ring)
                                (no ring)

@: mighty
A: almost no armour, stealthy swim, amphibious, 8 rings, constrict 8, camouflage
1, gelatinous body 1
a: no special abilities


You were on level 3 of the Dungeon.
You were not hungry.

You visited 1 branch of the dungeon, and saw 3 of its levels.

You collected 79 gold pieces.

Inventory:

Armour
 a - a +0 shield (worn)
Jewellery
 d - a ring of protection from fire (left tentacle)
 i - a +2 ring of dexterity (right tentacle)
Scrolls
 e - 2 scrolls of identify {unknown}
 f - a scroll of fog {unknown}
 g - 3 scrolls of remove curse {unknown}
 m - a scroll of amnesia {unknown}
Potions
 h - a potion of mutation {unknown}
 j - 2 potions of heal wounds {unknown}
 k - a potion of berserk rage {unknown}
 l - a potion of curing {unknown}
Comestibles
 c - 4 rations
 n - a chunk of flesh


   Skills:
 - Level 3.0 Fighting
 - Level 3.0 Dodging
 + Level 5.2 Shields
 - Level 2.9 Unarmed Combat


You had 4 spell levels left.
You didn't know any spells.

Dungeon Overview and Level Annotations

Branches:
Dungeon (3/15)

Altars:
Trog

Annotations:
D:2 1 runed door
D:3 Sigmund


Innate Abilities, Weirdness & Mutations

You cannot wear most types of armour.
You are very stealthy in the water. (Stealth+)
You are amphibious.
You can wear up to eight rings at the same time.
You can use your tentacles to constrict eight enemies at once.
Your skin changes colour to match your surroundings (Stealth+).
Your rubbery body absorbs attacks. (AC +1, EV +1)


Message History

You block the bat's attack. The jackal barely misses you.
A rat comes into view.
You tentacle-slap the orc. Your grab misses the orc.
You kill the orc!
The bat closely misses you. The orc misses you. The jackal bites you. x3
Unknown command.
You barely miss the orc priest. You grab the orc priest.
You constrict the orc priest. You block the bat's attack. The jackal bites you.
The orc hits you with a hand axe. You block the bat's attack.
The orc priest hits you with a club.
* * * LOW HITPOINT WARNING * * *
You block the jackal's attack. The jackal barely misses you.
A goblin comes into view. It is wielding a dagger.
You feel very mighty all of a sudden.
You constrict the orc priest. You block the bat's attack.
The bat hits you but does no damage. You block the jackal's attack.
The orc closely misses you. The jackal misses you.
The orc priest calls down the wrath of Beogh upon you.
Beogh smites you!
You die...

###.......
.......#####+####.......
.......#.............#'#
.......#.............#.#
#..r...#.............#.#
#......#..........)..#.#
#......b............##.#
#.....oo..!.........##.#
#....oh@............##.#
#.....h.............##..
#...................##.#
....o..########+######.#
....... #.# ....... #.#
....... #.# go##### #.#
.. #.#


You could see 2 orc priests, an orc wizard, 2 orcs, 2 jackals, a goblin, a bat
and a rat.

Vanquished Creatures
  Terence (D:2)
  An adder (D:3)
  2 worms (D:2)
  8 dart slugs
  3 leopard geckos
  2 orcs (D:3)
  2 giant cockroaches
  15 hobgoblins
  9 kobolds
  A quokka (D:2)
  A ball python (D:1)
  4 bats
  4 frilled lizards
  6 goblins
  12 rats
71 creatures vanquished.

Notes
Turn   | Place    | Note
-------+----------+-------------------------------------------
     0 | D:1      | inc the Octopode Fighter began the quest for the Orb.
     0 | D:1      | Reached XP level 1. HP: 16/16 MP: 1/1
    56 | D:1      | Reached XP level 2. HP: 16/21 MP: 2/2
   168 | D:1      | Reached XP level 3. HP: 15/26 MP: 3/3
   641 | D:2      | Noticed Terence
   652 | D:2      | Killed Terence
   652 | D:2      | Reached skill level 4 in Shields
   652 | D:2      | Reached XP level 4. HP: 18/31 MP: 4/4
   934 | D:2      | Found a bloodstained altar of Trog.
  1327 | D:2      | Found a runed door.
  1739 | D:3      | Noticed Sigmund
  1771 | D:3      | Reached skill level 5 in Shields
  1831 | D:3      | Reached XP level 5. HP: 36/36 MP: 5/5
  1844 | D:3      | Killed from afar by an orc priest

Skill      XL: |  1  2  3  4 |
---------------+-------------+-----
Shields        | 4 5 |  5.2
Fighting       | |  3.0
Dodging        | |  3.0
Unarmed Combat | |  2.9

Action                   |  1- 3 |  4- 6 || total
-------------------------+-------+-------++-------
Melee: Unarmed           |    69 |    69 ||   138
       Constrict         |    23 |    24 ||    47
       Tentacles         |    15 |    15 ||    30
       Punch             |     2 |     1 ||     3
  Use: Potion            |       |     1 ||     1
 Stab: Sleeping          |       |     5 ||     5
  Eat: Chunk             |       |     3 ||     3
Armor: Skin              |     4 |     5 ||     9
Dodge: Dodged            |    21 |    38 ||    59
Block: Shield            |    25 |    33 ||    58
